 Dungeon Crawl Stone Soup version 0.27.1-4-g1640c2035a (webtiles) character file.

Game seed: 7852499774317593508

250 Stomo444 the Skirmisher (level 5, -4/43 HPs)
             Began as a Demonspawn Monk on Nov 10, 2021.
             Was a Believer of Qazlal.
             Slain by an ogre (17 damage)
             ... on level 5 of the Dungeon.
             The game lasted 00:04:46 (4681 turns).

Stomo444 the Skirmisher (Demonspawn Monk)           Turns: 4681, Time: 00:04:46

Health: -4/43      AC:  4    Str: 24    XL:     5   Next: 88%
Magic:  5/5        EV: 13    Int: 12    God:    Qazlal [**....]
Gold:   160        SH:  6    Dex: 15    Spells: 4/4 levels left

rFire    . . .     SeeInvis .   u - +0 flail (pain)
rCold    . . .     Faith    .   (no shield)
rNeg     . . .     Spirit   .   b - +0 robe
rPois    .         Reflect  .   (no helmet)
rElec    .         Harm     .   d - +0 cloak
rCorr    .         Rampage  .   o - +0 pair of gloves
Will     .....                  (no boots)
Stlth    ++........             f - amulet of the acrobat
HPRegen  0.14/turn              y - +6 ring of strength
MPRegen  0.09/turn              j - +6 ring of strength

@: no status effects
A: talons 1, demonic guardian 1, condensation shield
a: Renounce Religion, Upheaval


You were on level 5 of the Dungeon.
You worshipped Qazlal.
Qazlal was pleased with you.
You visited 2 branches of the dungeon, and saw 6 of its levels.

You collected 160 gold pieces.

Inventory:

Hand Weapons
 a - a +0 mace
 u - a +0 flail of pain (weapon)
 x - a +0 mace of venom
Missiles
 k - a throwing net (quivered)
Armour
 b - a +0 robe (worn)
 d - a +0 cloak (worn)
 o - a +0 pair of gloves (worn)
Jewellery
 e - a ring of see invisible
 f - an amulet of the acrobat (around neck)
 j - a +6 ring of strength (right hand)
 y - a +6 ring of strength (left hand)
Wands
 q - a wand of acid (10)
 z - a wand of iceblast (3)
 D - a wand of flame (14)
 E - a wand of digging (7)
Scrolls
 c - 2 scrolls of immolation {unknown}
 h - a scroll of torment {unknown}
 l - a scroll of enchant armour {unknown}
 s - a scroll of holy word {unknown}
 t - 2 scrolls of identify {unknown}
 w - a scroll of summoning {unknown}
 C - a scroll of teleportation {unknown}
Potions
 g - a potion of ambrosia {unknown}
 i - a potion of attraction {unknown}
 m - 3 potions of flight {unknown}
 n - a potion of mutation {unknown}
 p - a potion of berserk rage {unknown}
 r - a potion of invisibility {unknown}
 v - a potion of might {unknown}
 A - a potion of haste {unknown}
 B - a potion of degeneration {unknown}


   Skills:
 + Level 4.5 Fighting
 + Level 4.1 Maces & Flails
 + Level 4.0 Dodging
 - Level 1.7 Stealth


You had 4 spell levels left.
You didn't know any spells.
Your spell library was empty.

Dungeon Overview and Level Annotations

Branches:
Dungeon (5/15)             Temple (1/1) D:4

Altars:
Ashenzari
Elyvilon
Gozag
Nemelex Xobeh
Qazlal
Ru
Sif Muna
Xom
Yredelemnul
Zin
The Shining One


Innate Abilities, Weirdness & Mutations

You have sharp toenails.
A weak demonic guardian rushes to your aid.
A meltable shield of frost defends you. (SH +4)


Message History

A centaur skeleton is nearby!
You block the centaur skeleton's attack. x2
You sock the centaur skeleton! You claw the centaur skeleton!
The centaur skeleton is severely damaged.
You block the centaur skeleton's attack. x2
The centaur skeleton misses you.
The centaur skeleton completely misses you.
You sock the centaur skeleton!
You destroy the centaur skeleton!
Qazlal accepts your kill.
No target in view!
No target in view!
No target in view!
No target in view!
No target in view!
No target in view!
No target in view!
No target in view!
No target in view!
No target in view!
No target in view!
No target in view!
There is a stone staircase leading down here.
Found a forked bronze wand.
E - a wand of digging (7)
An ogre comes into view. It is wielding a +0 giant club.
An ogre is nearby!
An ogre is nearby!
The ogre shouts!
There is a stone staircase leading up here.
Press: ? - help, v - describe, . - travel The floor.
You completely miss the ogre. Your kick misses the ogre.
The ogre hits you with a +0 giant club!!
Ouch! That really hurt!
A demonic guardian appears!
You hit the ogre. You claw the ogre.
The ogre is moderately wounded.
The ogre hits you with a +0 giant club!
You die...

###### ##
...... ..#
####...# #.#
......####.#
#......#.#
######.##.#.#
#....<>##.#.#
#.####......###
##@O5....#
#........#
#..#.##..#
#..#..#..#
#......$..#
#...#.#...#
#.........#
###.....#.# #..
.##.#


You could see an ogre (ally target) and a friendly white imp (summoned).

Vanquished Creatures
  A centaur skeleton (D:5)
  An iguana (D:3)
  An orc wizard (D:4)
  5 adders
  2 worms
  4 dart slugs
  11 orcs
  3 bats (D:3)
  10 endoplasms
  3 giant cockroaches
  8 goblins
  13 hobgoblins
  2 quokkas
  A ball python (D:4)
  4 frilled lizards
  3 kobolds
  5 rats
  A spectral hobgoblin (D:2)
78 creatures vanquished.

Vanquished Creatures (collateral kills)
  A hound (D:4)
  An orc (D:3)
  A ball python (D:2)
  A kobold (D:3)
  A quokka (D:1)
5 creatures vanquished.

Grand Total: 83 creatures vanquished

Notes
Turn   | Place    | Note
-------+----------+-------------------------------------------
     0 | D:1      | Stomo444 the Demonspawn Monk began the quest for the Orb.
     0 | D:1      | Reached XP level 1. HP: 18/18 MP: 1/1
   344 | D:1      | Gained mutation: A weak demonic guardian rushes to your
                  | aid. [demonic ancestry]
   344 | D:1      | Reached XP level 2. HP: 24/24 MP: 2/2
  1555 | D:2      | Gained mutation: You have sharp toenails. [demonic
                  | ancestry]
  1555 | D:2      | Reached XP level 3. HP: 29/29 MP: 3/3
  1866 | D:2      | Found a faded altar of an unknown god.
  2512 | D:2      | Reached XP level 4. HP: 37/37 MP: 4/4
  3197 | D:3      | Gained mutation: A meltable shield of frost defends you.
                  | (SH +4) [demonic ancestry]
  3197 | D:3      | Reached XP level 5. HP: 42/42 MP: 5/5
  3914 | D:4      | Found a staircase to the Ecumenical Temple.
  3978 | Temple   | Entered the Ecumenical Temple
  4050 | Temple   | Became a worshipper of Qazlal Stormbringer
  4050 | Temple   | Reached * piety under Qazlal
  4050 | Temple   | Reached ** piety under Qazlal
  4653 | D:5      | Entered Level 5 of the Dungeon
  4669 | D:5      | Noticed an ogre
  4681 | D:5      | Slain by an ogre

Illustrated notes

Levels and vault maps discovered:
D:1:      dpeg_arrival_central, layout_loops_ring, minmay_tromino_v7
D:2:      layout_loops_cross, dreamdust_ecumenical_altar_drowned_temple,
          minmay_goblin_kobold_house
D:3:      layout_basic
D:4:      layout_basic, elyvilon_altar_5, minmay_temple_entry_grid
D:5:      layout_loops_cross, marbit_many_paths, serial_shops,
          nicolae_shop_window_shopping
Temple:   eino_temple_rhombus

Skill      XL: |  1  2  3  4  5 |
---------------+----------------+-----
Maces & Flails | 3 4 |  4.1
Dodging        | 3 4 |  4.0
Fighting       | 4 |  4.5
Stealth        | |  1.7

Action                   |  1- 3 |  4- 6 || total
-------------------------+-------+-------++-------
Melee: Mace              |   120 |    79 ||   199
       Kick              |    15 |    34 ||    49
       Flail             |       |    45 ||    45
 Stab: Sleeping          |     6 |     6 ||    12
       Distracted        |       |     1 ||     1
Armor: Robe              |    25 |    24 ||    49
Dodge: Dodged            |    61 |    68 ||   129
Block: Other             |       |    10 ||    10
